 Dungeon Crawl Stone Soup version 0.31.0-32-g396128a36d (webtiles) character file.

Game seed: 14632773724695225676

350 Fractals the Changeling (level 6, -8/48 HPs)
             Began as a Demonspawn Shapeshifter on Apr 3, 2024.
             Mangled by an ogre
             ... wielding a +0 giant spiked club
              (34 damage)
             ... on level 5 of the Dungeon.
             The game lasted 00:06:06 (2797 turns).

Fractals the Changeling (Demonspawn Shapeshifter)   Turns: 2797, Time: 00:06:07

Health: -8/48      AC:  8    Str: 16    XL:     6   Next: 34%
Magic:  6/6        EV:  8    Int: 10    God:
Gold:   148        SH:  4    Dex: 13    Spells: 5/5 levels left

rFire   + .          .
                       - Unarmed
rCold   . . .        (no shield)
rNeg    + . .        m - +0 chain mail
rPois   .            (helmet currently unavailable)
rElec   .            (cloak currently unavailable)
rCorr   .            (gloves currently unavailable)
SInv    .            (boots currently unavailable)
Will    .....        (no amulet) Stlth
                     g - ring of positive energy
HPRegen 0.28/turn    l - ring of protection from fire
MPRegen 0.10/turn

%: no passive effects
@: beast-form
A: beast (slay +2), foul stench 2, condensation shield
a: Begin Untransformation


You were on level 5 of the Dungeon.
You were a hulking beast.
You visited 1 branch of the dungeon, and saw 4 of its levels.

You collected 148 gold pieces.

Inventory:

Armour
 m - a +0 chain mail (worn)
Jewellery
 g - a ring of positive energy (left hand)
 l - a ring of protection from fire (right hand)
Talismans
 c - a beast talisman
 d - a flux talisman
 o - a blade talisman
Wands
 r - a wand of roots (11) (quivered)
Scrolls
 a - 3 scrolls of identify
 h - a scroll of blinking
 i - a scroll of immolation {unknown}
 k - 2 scrolls of enchant armour {unknown}
 n - a scroll of teleportation {unknown}
 q - a scroll of brand weapon {unknown}
Potions
 b - a potion of lignification
 e - 2 potions of mutation {unknown}
 f - a potion of berserk rage
 j - a potion of ambrosia {unknown}
 p - 2 potions of curing {unknown}


   Skills:
 + Level 4.1 Fighting
 + Level 2.8 Dodging
 - Level 3.0 Unarmed Combat
 + Level 4.3 Shapeshifting


You had 5 spell levels left.
You didn't know any spells.
Your spell library contained the following spells:

 Spells                   Type           Power      Damage    Failure   Level
 Ensorcelled Hibernation  Hex/Ice        0%         N/A       100%        2
 Call Canine Familiar     Summ           0%         N/A       100%        3
 Fugue of the Fallen      Necr           0%         N/A       100%        3
 Passwall                 Erth           0%         N/A       100%        3
 Sigil of Binding         Hex            0%         N/A       100%        3
 Swiftness                Air            0%         N/A       100%        3
 Anguish                  Hex/Necr       0%         N/A       100%        4
 Dimensional Bullseye     Hex/Tloc       0%         N/A       100%        4


Dungeon Overview and Level Annotations

Branches:
Dungeon (3/15)

Altars:
Makhleb

Shops:
D:2 *


Innate Abilities, Weirdness & Mutations

You are a hulking beast.
Your limbs bulge with bestial killing power. (Slay +2)
You sometimes emit foul miasma when damaged in melee.
A meltable shield of frost defends you. (SH +4)


Message History

The iguana is severely wounded.
The iguana closely misses you.
You hit the iguana but do no damage.
The iguana is severely wounded.
The iguana bites you.
You hit the iguana but do no damage.
The iguana is severely wounded.
The iguana bites you.
You hit the iguana.
You kill the iguana!
An ogre comes into view. It is wielding a +0 giant spiked club.
Found a stone staircase leading up.
The ogre shouts!
There is a stone staircase leading down here.
Unknown command.
Unknown command.
Aiming: Fastroot
Press: ? - help, Shift-Dir - straight line, f - ogre
Aim: an ogre, wielding a +0 giant spiked club The roots erupt in riotous growth!
Roots grab the ogre.
The grasping roots constrict the ogre.
The ogre struggles to escape constriction.
The grasping roots constrict the ogre.
The ogre escapes!
You hit the ogre.
The ogre is heavily wounded.
The ogre completely misses you.
You hit the ogre.
The ogre is heavily wounded.
The ogre hits you but does no damage.
You hit the ogre.
The ogre is severely wounded.
You hit the ogre.
The ogre is severely wounded.
The ogre hits you with a +0 giant spiked club!
You closely miss the ogre.
The ogre is severely wounded.
The ogre hits you with a +0 giant spiked club!!
Ouch! That really hurt!
You die...

#################################
................hO...............
..######################......###
..# #......# ..# #......# ####
#......# ..|# #......#
##.############# ########
......Jg.......# ##J######......#


You could see an ogre.

Vanquished Creatures
  A scorpion (D:2)
  A jelly (D:5)
  2 hounds (D:5)
  Ijyb (D:5)
  3 iguanas (D:5)
  2 adders
  8 dart slugs (D:3)
  5 ball pythons
  6 endoplasms
  3 giant cockroaches
  8 goblins
  6 hobgoblins
  2 jackals (D:3)
  2 quokkas
  3 bats
  10 frilled lizards
  5 kobolds
  6 rats
74 creatures vanquished.

Notes
Turn   | Place    | Note
-------+----------+-------------------------------------------
     0 | D:1      | Fractals the Demonspawn Shapeshifter began the quest for
                  | the Orb.
     0 | D:1      | Reached XP level 1. HP: 15/15 MP: 1/1
   175 | D:1      | Gained mutation: You may rarely emit foul miasma when
                  | damaged in melee. [demonic ancestry]
   175 | D:1      | Reached XP level 2. HP: 21/21 MP: 2/2
   920 | D:2      | Reached XP level 3. HP: 27/27 MP: 3/3
   946 | D:2      | Found Sopeaf's General Store.
  1242 | D:2      | Found a faded altar of an unknown god.
  1512 | D:2      | Noticed a scorpion
  1525 | D:2      | Killed a scorpion
  1526 | D:2      | Gained mutation: You sometimes emit foul miasma when
                  | damaged in melee. [demonic ancestry]
  1526 | D:2      | Reached XP level 4. HP: 32/35 MP: 4/4
  1725 | D:3      | Reached XP level 5. HP: 39/41 MP: 5/5
  2198 | D:3      | Found a burning altar of Makhleb.
  2273 | D:3      | You fall into a shaft and drop 2 floors!
  2273 | D:5      | Entered Level 5 of the Dungeon
  2423 | D:5      | Noticed Ijyb
  2456 | D:5      | Gained mutation: A meltable shield of frost defends you.
                  | (SH +4) [demonic ancestry]
  2456 | D:5      | Reached XP level 6. HP: 24/48 MP: 6/6
  2495 | D:5      | HP: 3/72 [constriction (3)]
  2496 | D:5      | Killed Ijyb
  2797 | D:5      | Mangled by an ogre

Illustrated notes

Levels and vault maps discovered:
D:1:      roderic_chinese_lattice_arrival, layout_loops_ring,
          chequers_serial_rivers_room_b, minmay_pentomino_w4
D:2:      layout_basic, serial_shops, nicolae_shop_rolling_square,
          ebering_ecumenical_altar_petrified
D:3:      kennysheep_slugbush, layout_basic, bloody_makhleb
D:5:      layout_basic, small_statue_intersection, uniq_ijyb

Skill      XL: |  1  2  3  4  5  6 |
---------------+-------------------+-----
Unarmed Combat | 3 |  3.0
Shapeshifting  | 3 4 |  4.3
Fighting       | 2 3 4 |  4.1
Dodging        | 2 |  2.8

Action                     |  1- 3 |  4- 6 || total
---------------------------+-------+-------++-------
  Melee: Unarmed           |   133 |   101 ||   234
         Punch             |       |     4 ||     4
  Evoke: Wand              |       |     1 ||     1
    Use: Scroll            |     1 |     2 ||     3
         Potion            |     1 |     1 ||     2
   Stab: Sleeping          |     1 |       ||     1
 Armour: Animal skin       |    24 |       ||    24
         Ring mail         |    54 |    17 ||    71
         Chain mail        |       |    65 ||    65
  Dodge: Dodged            |    91 |    33 ||   124
